 Dungeon Crawl Stone Soup version 0.22-a0-283-g1871b15 (webtiles) character file.

1081 b5mith the Slasher (level 8, -4/63 HPs)
             Began as a Minotaur Berserker on Mar 19, 2018.
             Was an Elder of Trog.
             Slain by a gnoll
             ... wielding a +0 halberd
              (8 damage)
             ... on level 4 of the Dungeon.
             The game lasted 00:12:28 (4288 turns).

b5mith the Slasher (Minotaur Berserker)             Turns: 4288, Time: 00:12:28

Health: -4/63      AC:  8    Str: 25    XL:     8   Next: 8%
Magic:  7/7        EV:  7    Int:  4    God:    Trog [****..]
Gold:   133        SH:  0    Dex: 11    Spells: 7/7 levels left

rFire    . . .     SeeInvis .   a - +0 falchion
rCold    . . .     Gourm    +   (no shield)
rNeg     . . .     Faith    .   e - +0 ring mail
rPois    .         Spirit   .   (helmet restricted)
rElec    +         Reflect  .   (no cloak)
rCorr    .         Harm     .   d - +0 pair of gloves
MR       .....                  k - +0 pair of boots
Stlth    +.........             l - amulet of the gourmand
HPRegen  0.20/turn              (no ring)
MPRegen  0.10/turn              (no ring)

@: berserk cooldown, flying, held, slowed, very slow
A: retaliatory headbutt, horns 2, frail 1, electricity resistance, strong 1
a: Berserk, Trog's Hand, Brothers in Arms, Renounce Religion


You were on level 4 of the Dungeon.
You worshipped Trog.
Trog was greatly pleased with you.
You were full.

You visited 1 branch of the dungeon, and saw 5 of its levels.

You collected 133 gold pieces.

Inventory:

Hand Weapons
 a - a +0 falchion (weapon)
Missiles
 i - 8 steel javelins (quivered)
 m - 7 tomahawks
Armour
 b - a +0 animal skin
 d - a +0 pair of gloves (worn)
 e - a +0 ring mail (worn)
 k - a +0 pair of boots (worn)
Jewellery
 l - an amulet of the gourmand (around neck)
Scrolls
 f - 3 scrolls of blinking {unknown}
 g - 2 scrolls of enchant weapon {unknown}
 j - 5 scrolls of identify {unknown}
 o - 2 scrolls of teleportation {unknown}
 r - a scroll of fear {unknown}
 u - 3 scrolls of remove curse {unknown}
 w - a scroll of enchant armour {unknown}
Potions
 n - a potion of resistance
 t - a potion of flight
Comestibles
 c - 4 rations


   Skills:
 + Level 6.7 Fighting
 + Level 6.7 Long Blades
 + Level 6.1 Armour
 + Level 5.5 Dodging


You had 7 spell levels left.
You didn't know any spells.

Dungeon Overview and Level Annotations

Branches:
Dungeon (5/15)
 Temple: D:4-7

Altars:
Ashenzari
Sif Muna
Yredelemnul
The Shining One


Innate Abilities, Weirdness & Mutations

You reflexively headbutt those who attack you in melee.
You have a pair of horns on your head.
You are frail. (-10% HP)
You are resistant to electric shocks. (rElec)
Your muscles are strong. (Str +2)


Message History

* * * LOW HITPOINT WARNING * * *
The gnoll barely misses you. The gnoll barely misses you.
The gnoll hits you from afar with a halberd!
* * * LOW HITPOINT WARNING * * *
The gnoll barely misses you.
The gnoll hits you from afar with a halberd!
* * * LOW HITPOINT WARNING * * *
The gnoll hits you from afar with a halberd.
* * * LOW HITPOINT WARNING * * *
It was a potion of flight.
You feel very buoyant.
You fly up into the air.
The gnoll hits you from afar with a halberd.
* * * LOW HITPOINT WARNING * * *
It was a potion of mutation.
You feel extremely strange.
You feel frail.
You feel insulated.
You feel stronger. The gnoll closely misses you.
The gnoll hits you from afar with a halberd!
You die...

... .#.#. ... ... .## #.#
#.# .######[#########
.......)>.[.....#
.######.#######.# #.# .# #@#
.# #)# #.# #g# #.# #(# #.#
### #)# #.# ... ####)# #.#
##. #..))# #.#
########.##(#######.########
.........(.......)..........


You could see a gnoll.

Vanquished Creatures
  2 ogres (D:4)
  A howler monkey (D:4)
  2 orc priests (D:4)
  3 orc wizards (D:4)
  3 gnoll shamans (D:4)
  An iguana (D:4)
  Terence (D:2)
  Natasha (twice) (D:2)
  43 gnolls
  3 adders
  A shadow imp (D:5)
  A worm (D:3)
  3 dart slugs
  3 leopard geckos
  4 orcs (D:4)
  6 bats
  2 giant cockroaches
  5 goblins
  10 hobgoblins
  13 jackals (D:4)
  3 quokkas
  8 frilled lizards
  A jackal skeleton (D:4)
  5 kobolds
  5 rats
131 creatures vanquished.

Notes
Turn   | Place    | Note
-------+----------+-------------------------------------------
     0 | D:1      | b5mith the Minotaur Berserker began the quest for the Orb.
     0 | D:1      | Reached XP level 1. HP: 19/19 MP: 0/0
   169 | D:1      | Reached XP level 2. HP: 25/27 MP: 1/1
   421 | D:1      | Reached XP level 3. HP: 33/33 MP: 2/2
   534 | D:1      | Reached ** piety under Trog
   956 | D:2      | Noticed Terence
   975 | D:2      | Killed Terence
  1026 | D:2      | Reached XP level 4. HP: 33/40 MP: 3/3
  1212 | D:2      | Noticed Natasha
  1215 | D:2      | Killed Natasha
  1430 | D:2      | Noticed Natasha
  1438 | D:2      | Killed Natasha
  1456 | D:3      | Reached XP level 5. HP: 42/47 MP: 4/4
  1537 | D:3      | Found a basalt altar of Yredelemnul.
  1577 | D:3      | Found a glowing golden altar of the Shining One.
  1806 | D:3      | Found a shattered altar of Ashenzari.
  2054 | D:3      | Found a deep blue altar of Sif Muna.
  2570 | D:4      | Noticed an ogre
  2577 | D:4      | Killed an ogre
  2577 | D:4      | Reached skill level 5 in Fighting
  2577 | D:4      | Reached skill level 5 in Long Blades
  2577 | D:4      | Reached XP level 6. HP: 56/56 MP: 5/5
  2846 | D:4      | Reached *** piety under Trog
  2874 | D:4      | Reached skill level 5 in Armour
  2874 | D:4      | Reached XP level 7. HP: 27/62 MP: 6/6
  3013 | D:5      | Entered Level 5 of the Dungeon
  3234 | D:4      | Reached skill level 5 in Dodging
  3309 | D:4      | Reached **** piety under Trog
  3563 | D:4      | Reached XP level 8. HP: 50/71 MP: 7/7
  4288 | D:4      | Gained mutation: You are frail. (-10% HP) [potion of mutation]
  4288 | D:4      | Gained mutation: You are resistant to electric shocks. (rElec) [potion of mutation]
  4288 | D:4      | Gained mutation: Your muscles are strong. (Str +2) [potion of mutation]
  4288 | D:4      | Slain by a gnoll

Vault maps used:
D:1:      saegor_arrival_simple_a, serial_glass, glass_columns_b,
          glass_columns_b, glass_columns_b, glass_columns_a, glass_columns_c,
          glass_columns_a, glass_columns_a, glass_columns_a
D:2:      kennysheep_big_flooded_room, minmay_misc_feat_diagonals,
          kennysheep_generic_room_12, uniq_terence, uniq_natasha
D:3:      grunt_temple_overflow_holy_war, ashenzari_altar_1, led_sif_pool,
          first_ration
D:4:      lemuel_castle_with_subvaults, marbit_many_paths, minivault_19,
          corexii_checkpoint_b, uniq_grinder
D:5:      basic_altar, uniq_edmund

Skill      XL: |  1  2  3  4  5  6  7 |
---------------+----------------------+-----
Long Blades    | 4 5 6 |  6.7
Fighting       | 4 5 6 |  6.7
Armour         | 3 4 5 6 |  6.1
Dodging        | 3 4 5 |  5.5

Action                   |  1- 3 |  4- 6 |  7- 9 || total
-------------------------+-------+-------+-------++-------
Melee: Falchion          |    44 |   129 |   136 ||   309
       Headbutt          |     7 |    30 |    33 ||    70
Invok: Berserk           |       |     1 |     4 ||     5
  Use: Potion            |       |       |     7 ||     7
  Eat: Chunk             |       |    19 |     7 ||    26
Armor: Ring mail         |    19 |    47 |    42 ||   108
       Skin              |       |       |    26 ||    26
Dodge: Dodged            |    35 |    76 |    99 ||   210
       Rpst.: Falchion   |     8 |    13 |    17 ||    38

Table legend:
 A = Spawn XP
 B = Non-spawn XP
 C = Spawn XP percentage of total XP
 D = Spawn monster count
 E = Non-spawn monster count
 F = Spawn count percentage of total count
 G = Total turns spent on level
                    A         B        C        D         E        F      G
               +---------+---------+-------+---------+---------+-------+---------
         Total |       0 |    1545 |   0.0 |       0 |     131 |   0.0 |  4288
               +---------+---------+-------+---------+---------+-------+---------
           D:1 |       0 |      55 |   0.0 |       0 |      26 |   0.0 |   837
           D:2 |       0 |     139 |   0.0 |       0 |      14 |   0.0 |   610
           D:3 |       0 |      23 |   0.0 |       0 |      11 |   0.0 |   843
           D:4 |       0 |    1313 |   0.0 |       0 |      78 |   0.0 |  1644
           D:5 |       0 |      15 |   0.0 |       0 |       2 |   0.0 |   354
               +---------+---------+-------+---------+---------+-------+---------
